 Dungeon Crawl Stone Soup version 0.25.1-2-g60ff931df9 (webtiles) character file.

Game seed: 11452902050696673486

8 RaHiT the Charlatan (level 2, 0/12 HPs)
             Began as a Felid Artificer on Sept 8, 2020.
             Killed from afar by a dart slug (4 damage)
             ... with a slug dart
             ... on level 1 of the Dungeon.
             The game lasted 00:02:15 (223 turns).

RaHiT the Charlatan (Felid Artificer)                Turns: 223, Time: 00:02:16

Health: 0/12       AC:  1    Str:  8    XL:     2   Next: 0%
Magic:  5/5        EV: 18    Int: 12    God:
Gold:   0          SH:  0    Dex: 16    Spells: 1/1 levels left
                                        Lives:  0   Deaths: 0

rFire    . . .     SeeInvis +     - Unarmed
rCold    . . .     Gourm    .   (shield unavailable)
rNeg     . . .     Faith    .   (armour unavailable)
rPois    .         Spirit   .   (helmet unavailable)
rElec    .         Reflect  .   (cloak unavailable)
rCorr    .         Harm     .   (gloves unavailable)
MR       .....                  (boots unavailable)
Stlth    ++........             (no amulet)
HPRegen  0.04/turn              (no ring)
MPRegen  0.09/turn              (no ring)

@: quick
A: very small, no armour, no weapons or thrown items, stealth, claws 1, fangs 3,
see invisible, carnivore, speed 1, shaggy fur 1, slow metabolism 1, sharp paws
a: no special abilities


You were on level 1 of the Dungeon.
You were full.

You visited 1 branch of the dungeon, and saw 1 of its levels.

Inventory:

Wands
 a - a wand of flame (15)
 b - a wand of enslavement (15)
 c - a wand of random effects (15)
Scrolls
 e - 2 scrolls of remove curse {unknown}
 g - a scroll of immolation {unknown}
Comestibles
 d - 3 rations


   Skills:
 + Level 1.1 Fighting
 * Level 3.1 Dodging
 + Level 1.6 Stealth
 * Level 1.3 Unarmed Combat
 + Level 0.3 Spellcasting
 - Level 3.2 Evocations


You had one spell level left.
You didn't know any spells.
Your spell library was empty.

Dungeon Overview and Level Annotations

Branches:
Dungeon (1/15)

Altars:


Innate Abilities, Weirdness & Mutations

You cannot wear armour.
You are incapable of wielding weapons or throwing items.
Your paws allow you to move quietly. (Stealth)
You have sharp claws.
You have razor-sharp teeth.
You have supernaturally acute eyesight. (SInv)
You are carnivorous and can eat meat at any time.
You cover ground quickly.
You are covered in fur. (AC +1)
You have a slow metabolism.
Your sharp claws are effective at attacking unaware monsters.


Message History

A giant cockroach comes into view.
Found a scroll labeled LOSAOSI ROAXYG.
The goblin shouts!
You hear a shout!
The goblin hits you but does no damage.
Found a ring mail.
You completely miss the goblin.
A kobold comes into view. It is wielding a +0 short sword.
The goblin completely misses you.
A rat comes into view.
The dart slug launches a dart at you. The slug dart misses you.
The slug dart hits the giant cockroach.
The giant cockroach dies!
You scratch the dart slug. You bite the dart slug.
The dart slug is severely wounded.
The dart slug closely misses you.
You barely miss the dart slug.
The dart slug is severely wounded.
The dart slug launches a dart at you. The slug dart hits you.
You die...

# ### #
###############...##
.
#...[.........?.....
# #.######..........#
##### #.#
#w######...# #... #.#
#@# .# #.#######.#
#.# ........#.# #g#
#.#####.#.# #.#
#.####..#.# #.#
#.#.....#.# #.# #.#
#...#.# #K######r.
#.#
#.....######.........
#.#
#...#.............#.


You could see a dart slug, a goblin and a kobold.

Vanquished Creatures
  A giant cockroach (D:1)
  4 jackals (D:1)
  2 rats (D:1)
7 creatures vanquished.

Vanquished Creatures (others)
  A giant cockroach (D:1)
1 creature vanquished.

Grand Total: 8 creatures vanquished

Notes
Turn   | Place    | Note
-------+----------+-------------------------------------------
     0 | D:1      | RaHiT the Felid Artificer began the quest for the Orb.
     0 | D:1      | Reached XP level 1. HP: 9/9 MP: 4/4
   124 | D:1      | Reached XP level 2. HP: 1/12 MP: 5/5
   223 | D:1      | Killed from afar by a dart slug

Illustrated notes

Levels and vault maps discovered:
D:1:      lightli_arrival_chessboard, layout_basic

Skill      XL: |  1 |
---------------+----+-----
Dodging        | 3 |  3.1
Fighting       | |  1.1
Stealth        | |  1.6
Unarmed Combat | |  1.3
Spellcasting   | |  0.3
Evocations     | |  3.2

Action                   || total
-------------------------++-------
Melee: Unarmed           ||    30
       Bite              ||     3
  Eat: Chunk             ||     3
Armor: Skin              ||     2
Dodge: Dodged            ||    26
